2848 views
Uploaded 2020-02-12 16:28:03
Game version 1.32 / 1.32.1
8:50 long 2on2 ladder game on (4)FurbolgMountain
Saved by iggythefisk
2848 views
Uploaded 2020-02-12 16:28:03
Game version 1.32 / 1.32.1
8:50 long 2on2 ladder game on (4)FurbolgMountain


/ 0.2k
20 buildings @ 3.3k
/ 1.2k

| Wisp | 14 | 840 | / | 0 |
| Archer | 8 | 1040 | / | 80 |
| Huntress | 2 | 390 | / | 40 |
| total: | 24 | 2270g | / | 120w |
| Ancient Protector | 1 | 135 | / | 80 |
| Moon Well | 4 | 720 | / | 160 |
| Altar of Elders | 1 | 180 | / | 50 |
| Ancient of War | 2 | 300 | / | 120 |
| Hunter's Hall | 1 | 210 | / | 100 |
| Tree of Ages | 1 | 320 | / | 180 |
| total: | 9 | 1545g | / | 510w |
| 0:02 | Wisp |
| 0:03 | Wisp |
| 0:03 | Wisp |
| 0:09 | Moon Well |
| 0:17 | Altar of Elders |
| 0:20 | Wisp |
| 0:45 | Wisp |
| 0:56 | Ancient of War |
| 1:01 | Wisp |
| 1:28 | Moon Well |
| 1:35 | Wisp |
| 1:52 | Wisp |
| 2:06 | Wisp |
| 2:09 | Archer |
| 2:17 | Mana Burn |
| 2:27 | Archer |
| 2:58 | Archer |
| 3:14 | Archer |
| 3:32 | Hunter's Hall |
| 3:53 | Archer |
| 3:53 | Archer |
| 4:18 | Archer |
| 4:30 | Archer |
| 4:49 | Wisp |
| 4:49 | Wisp |
| 4:49 | Wisp |
| 4:50 | Wisp |
| 4:50 | Wisp |
| 5:02 | Ancient of War |
| 5:33 | Strength of the Moon |
| 5:34 | Ultravision |
| 5:57 | Evasion |
| 6:02 | Tree of Ages |
| 6:10 | Sentinel |
| 6:12 | Huntress |
| 6:19 | Moon Well |
| 6:31 | Strength of the Wild |
| 6:58 | Moon Well |
| 7:19 | Huntress |
| 8:16 | Ancient Protector |
| Right click | 331 |
| Select | 101 |
| Select group | 77 |
| Build/train/purchase | 32 |
| Assign group | 15 |
| Use ability | 14 |
| Misc. action | 4 |


| Peon | 6 | 450 | / | 0 |
| Grunt | 9 | 1800 | / | 0 |
| Raider | 2 | 360 | / | 80 |
| Troll Witch Doctor | 1 | 145 | / | 25 |
| total: | 18 | 2755g | / | 105w |
| Watch Tower | 1 | 110 | / | 80 |
| Altar of Storms | 1 | 180 | / | 50 |
| Orc Burrow | 4 | 640 | / | 160 |
| Barracks | 1 | 180 | / | 50 |
| Voodoo Lounge | 1 | 130 | / | 30 |
| War Mill | 1 | 205 | / | 0 |
| Beastiary | 1 | 145 | / | 140 |
| Spirit Lodge | 1 | 150 | / | 150 |
| Stronghold | 1 | 315 | / | 190 |
| total: | 11 | 1740g | / | 660w |
| 0:02 | Peon |
| 0:02 | Peon |
| 0:02 | Peon |
| 0:13 | Altar of Storms |
| 0:19 | Orc Burrow |
| 0:35 | Barracks |
| 0:42 | Peon |
| 0:55 | Peon |
| 1:00 | Peon |
| 1:30 | Orc Burrow |
| 1:35 | Grunt |
| 1:46 | Pillage |
| 2:03 | Grunt |
| 2:13 | Feral Spirit |
| 2:26 | Voodoo Lounge |
| 2:48 | Grunt |
| 2:56 | Orc Burrow |
| 3:14 | Grunt |
| 3:47 | War Mill |
| 4:13 | Grunt |
| 4:18 | Stronghold |
| 4:51 | Grunt |
| 5:47 | Grunt |
| 5:54 | Orc Burrow |
| 6:10 | Steel Melee Weapons |
| 6:33 | Watch Tower |
| 6:53 | Beastiary |
| 7:04 | Spirit Lodge |
| 7:08 | Steel Armor |
| 7:18 | Chain Lighting |
| 7:51 | Healing Wave |
| 8:07 | Grunt |
| 8:07 | Grunt |
| 8:40 | Raider |
| 8:40 | Raider |
| 8:44 | Troll Witch Doctor |
| Right click | 279 |
| Select group | 199 |
| Select | 96 |
| Build/train/purchase | 32 |
| Assign group | 12 |
| Misc. action | 5 |
| Use ability | 4 |
| Remove unit | 1 |
40 units @ 5.3k
/ 0.3k
34 buildings @ 3.9k
/ 1.5k


| Scroll of Regeneration | 2 | 200 |
| total: | 2 | 200g |
| Peasant | 9 | 675 | / | 0 |
| Footman | 4 | 540 | / | 0 |
| Rifleman | 6 | 1230 | / | 180 |
| Priest | 1 | 135 | / | 10 |
| total: | 20 | 2580g | / | 190w |
| Scout Tower | 6 | 180 | / | 120 |
| Guard Tower | 4 | 280 | / | 200 |
| Altar of Kings | 1 | 180 | / | 50 |
| Farm | 8 | 640 | / | 160 |
| Barracks | 1 | 160 | / | 60 |
| Arcane Vault | 1 | 130 | / | 30 |
| Blacksmith | 1 | 140 | / | 60 |
| Lumber Mill | 1 | 120 | / | 0 |
| Arcane Sanctum | 3 | 450 | / | 420 |
| Keep | 1 | 320 | / | 210 |
| total: | 22 | 2000g | / | 900w |
| 0:01 | Peasant |
| 0:07 | Altar of Kings |
| 0:13 | Peasant |
| 0:18 | Farm |
| 0:20 | Peasant |
| 0:24 | Barracks |
| 0:38 | Peasant |
| 0:49 | Farm |
| 0:52 | Peasant |
| 0:52 | Peasant |
| 1:04 | Peasant |
| 1:25 | Footman |
| 1:30 | Peasant |
| 1:40 | Farm |
| 1:43 | Farm |
| 1:45 | Footman |
| 1:53 | Peasant |
| 2:20 | Footman |
| 2:42 | Summon Water Elemental |
| 2:59 | Arcane Vault |
| 3:13 | Keep |
| 3:13 | Footman |
| 3:42 | Blacksmith |
| 4:46 | Brilliance Aura |
| 4:51 | Farm |
| 4:53 | Farm |
| 4:58 | Rifleman |
| 5:05 | Scroll of Regeneration |
| 5:25 | Rifleman |
| 5:49 | Scroll of Regeneration |
| 5:55 | Arcane Sanctum |
| 6:01 | Rifleman |
| 6:10 | Lumber Mill |
| 6:20 | Farm |
| 6:39 | Storm Bolt |
| 6:55 | Farm |
| 6:58 | Rifleman |
| 6:58 | Rifleman |
| 7:33 | Scout Tower |
| 7:34 | Scout Tower |
| 7:35 | Scout Tower |
| 7:54 | Scout Tower |
| 7:56 | Bash |
| 7:59 | Summon Water Elemental |
| 8:08 | Guard Tower |
| 8:10 | Scout Tower |
| 8:24 | Guard Tower |
| 8:24 | Scout Tower |
| 8:42 | Guard Tower |
| 8:45 | Priest |
| 8:47 | Rifleman |
| 8:48 | Arcane Sanctum |
| 8:49 | Arcane Sanctum |
| Right click | 749 |
| Select | 298 |
| Select group | 137 |
| Build/train/purchase | 69 |
| Assign group | 57 |
| Use ability | 5 |
| Misc. action | 2 |
| Remove unit | 1 |
| Minimap ping | 1 |


| Healing Salve | 3 | 300 |
| Lesser Clarity Potion | 1 | 70 |
| total: | 4 | 370g |
| Peon | 10 | 750 | / | 0 |
| Grunt | 8 | 1600 | / | 0 |
| Raider | 2 | 360 | / | 80 |
| total: | 20 | 2710g | / | 80w |
| Altar of Storms | 1 | 180 | / | 50 |
| Orc Burrow | 6 | 960 | / | 240 |
| Barracks | 1 | 180 | / | 50 |
| Voodoo Lounge | 3 | 390 | / | 90 |
| Beastiary | 1 | 145 | / | 140 |
| Stronghold | 1 | 315 | / | 190 |
| total: | 12 | 1855g | / | 570w |
| 0:08 | Peon |
| 0:09 | Altar of Storms |
| 0:14 | Orc Burrow |
| 0:16 | Peon |
| 0:31 | Barracks |
| 0:42 | Peon |
| 0:52 | Peon |
| 1:04 | Peon |
| 1:21 | Peon |
| 1:27 | Voodoo Lounge |
| 1:28 | Voodoo Lounge |
| 1:32 | Peon |
| 1:42 | Grunt |
| 1:42 | Grunt |
| 1:49 | Peon |
| 2:08 | Wind Walk |
| 2:38 | Stronghold |
| 2:42 | Orc Burrow |
| 3:13 | Orc Burrow |
| 3:30 | Healing Salve |
| 4:08 | Grunt |
| 4:18 | Orc Burrow |
| 4:22 | Voodoo Lounge |
| 4:36 | Grunt |
| 4:55 | Critical Strike |
| 5:02 | Berserker Strength |
| 5:04 | Peon |
| 5:27 | Grunt |
| 6:00 | Beastiary |
| 6:03 | Peon |
| 6:11 | Healing Salve |
| 6:11 | Healing Salve |
| 6:13 | Lesser Clarity Potion |
| 6:22 | Grunt |
| 6:45 | Orc Burrow |
| 7:02 | Ensnare |
| 7:26 | Hex |
| 7:46 | Grunt |
| 7:51 | Raider |
| 7:54 | Wind Walk |
| 7:57 | Raider |
| 8:12 | Grunt |
| 8:21 | Pillage |
| 8:28 | Orc Burrow |
| Right click | 478 |
| Assign group | 427 |
| Select group | 193 |
| Select | 160 |
| Build/train/purchase | 48 |
| Use ability | 9 |
| Misc. action | 5 |
| Remove unit | 2 |
| Item give/drop | 1 |
โ